 Dungeon Crawl Stone Soup version 0.19.0-2-gae57169 (webtiles) character file.

142 dvd the Stinger (level 5, -3/31 HPs)
             Began as an Octopode Venom Mage on Nov 6, 2016.
             Was an Initiate of Ashenzari.
             Killed by nerve-wracking pain
             ... invoked by an orc priest
              (11 damage)
             ... on level 4 of the Dungeon.
             The game lasted 00:10:29 (3187 turns).

dvd the Stinger (Octopode Venom Mage)               Turns: 3187, Time: 00:10:29

Health: -3/31      AC:  1    Str:  7    XL:     5   Next: 25%
Magic:  0/9        EV: 12    Int: 19    God:    Ashenzari [......]
Gold:   235        SH:  5    Dex: 12    Spells: 3 memorised, 2 levels left

rFire  . . .     SeeInvis .     a - +1 short sword (speed) (curse)
rCold  . . .     Gourm    .     x - +2 buckler (curse)
rNeg   . . .     Faith    .     (helmet restricted)
rPois  +         Spirit   .     (no amulet)
rElec  .         Reflect  .     h - ring of stealth
rCorr  .         Harm     .     r - ring of poison resistance
MR     .....                    (no ring)
Stlth  ++++......               (no ring)
                                (no ring)
                                (no ring)
                                (no ring)
                                (no ring)

@: no status effects
A: almost no armour, stealthy swim, amphibious, 8 rings, constrict 8, camouflage
1, gelatinous body 1
a: Curse Item, Renounce Religion


You were on level 4 of the Dungeon.
You worshipped Ashenzari.
Ashenzari was noncommittal.
You were not hungry.

You visited 1 branch of the dungeon, and saw 4 of its levels.

You collected 235 gold pieces.

Inventory:

Hand Weapons
 a - a cursed +1 short sword of speed (weapon)
 e - a +0 mace
 w - a +1 falchion of slicing
Armour
 x - a cursed +2 buckler (worn)
Jewellery
 h - a ring of stealth (left tentacle)
 r - a ring of poison resistance (right tentacle)
Scrolls
 c - 2 scrolls of identify
 i - a scroll of remove curse
 k - 3 scrolls of magic mapping
 m - 2 scrolls of teleportation
Potions
 g - a potion of curing
 j - a potion of beneficial mutation {unknown}
 l - 2 potions of heal wounds
 q - a potion of might {unknown}
 s - a potion of berserk rage
 t - 2 potions of brilliance {unknown}
Books
 n - a Young Poisoner's Handbook

   Spells                             Type                      Level
   a - Sting                          Conjuration/Poison           1
   b - Mephitic Cloud                 Conjuration/Poison/Air       3
   c - Olgreb's Toxic Radiance        Poison                       4
   d - Alistair's Intoxication        Transmutation/Poison         5
   e - Venom Bolt                     Conjuration/Poison           5
Comestibles
 b - 3 bread rations
 d - a chunk of flesh
 f - 5 fruits
 o - 3 beef jerkies
 v - a meat ration


   Skills:
 + Level 0.2 Fighting
 + Level 0.8 Short Blades
 + Level 1.4 Maces & Flails
 + Level 2.0 Dodging
 + Level 3.4 Stealth
 + Level 3.1 Spellcasting
 + Level 0.8 Conjurations
 + Level 5.9 Poison Magic


You had 2 spell levels left.
You knew the following spells:

 Your Spells              Type           Power        Failure   Level  Hunger
a - Sting                 Conj/Pois      ###.         8%          1    None
b - Mephitic Cloud        Conj/Pois/Air  ##......     30%         3    ###....
c - Olgreb's Toxic Radia  Pois           ####....     24%         4    ####...


Dungeon Overview and Level Annotations

Branches:
Dungeon (4/15)             Temple (0/1) D:4

Altars:
Ashenzari
Elyvilon
Okawaru
Sif Muna
Zin

Annotations:
D:4 kae's ghost, amateur FoFi


Innate Abilities, Weirdness & Mutations

You cannot wear most types of armour.
You are very stealthy in the water. (Stealth+)
You are amphibious.
You can wear up to eight rings at the same time.
You can use your tentacles to constrict eight enemies at once.
Your skin changes colour to match your surroundings (Stealth+).
Your rubbery body absorbs attacks. (AC +1, EV +1)


Message History

The puff of flame hits you!
You hit the orc priest but do no damage.
You grab the orc priest.
The orc priest is heavily wounded.
You constrict the orc priest, but do no damage.
The orc priest calls down the wrath of Beogh upon you.
Pain shoots through your body!
* * * LOW HITPOINT WARNING * * *
Something barely misses you.
Casting: Olgreb's Toxic Radiance
Confirm with . or Enter, or press ? or * to list all spells.
Aiming: Sting
Press: ? - help, Shift-Dir - straight line, f - orc priest
Aim: an orc priest, wielding a falchion and wearing a leather armour (heavily wounded, constricted by you, poisoned)
The sting hits the orc priest.
The orc priest appears unharmed.
The orc priest is heavily wounded.
You constrict the orc priest.
The orc priest mumbles some strange prayers to Beogh against you.
Pain shoots through your body!
You die...

#..** *#.##..##...#,,,*,,,** **,
#.######.....#....#,,,*,,,,* *,,
.............#...##,,,**,,,****,,
.............#...#,,,,,*,,,*,,,,,
...........###...#,,,,,*,,,*,**,,
..........## #...#,,,,,*,,,******
.........## #...#,,⌠,,*,,,* *
.........# #.(.#,,,,,*,,,*** *
.###.....# **#..@#,,,,,*,,,*,****
.# ##....###.#.o{#,,,,,*,,,*,,*,,
## ##.......#..S#*,,,**,,,*,,,,*
# ##........#...)*,,,*,,,,**,,**
####.........##..?#,,,*,,,**,*,,*
#............,#....,,**,,,*****,,
..###.....##.,#.....,*,,,,* **,
### #.....#**,#⌠..###*,,,,* *,
#.....# *******,,,,,,,* **,


You could see an orc priest and an adder.

Vanquished Creatures
  Ijyb (D:3)
  A worker ant (D:4)
  2 adders (D:2)
  An ooze (D:1)
  4 worms
  2 dart slugs
  3 leopard geckos
  2 orcs
  2 giant cockroaches
  7 goblins
  8 hobgoblins
  2 jackals (D:3)
  5 kobolds
  A ball python (D:2)
  5 bats
  3 frilled lizards
  4 rats
53 creatures vanquished.

Notes
Turn   | Place    | Note
-------+----------+-------------------------------------------
     0 | D:1      | dvd the Octopode Venom Mage began the quest for the Orb.
     0 | D:1      | Reached XP level 1. HP: 11/11 MP: 3/3
   215 | D:1      | Reached skill level 5 in Poison Magic
   442 | D:1      | Reached XP level 2. HP: 14/17 MP: 1/5
  1138 | D:2      | Reached XP level 3. HP: 15/21 MP: 6/6
  1286 | D:2      | Found a glowing silver altar of Zin.
  1446 | D:2      | Learned a level 3 spell: Mephitic Cloud
  1517 | D:2      | Reached skill level 1 in Maces & Flails
  1517 | D:2      | Reached XP level 4. HP: 27/27 MP: 0/7
  1999 | D:3      | Found a white marble altar of Elyvilon.
  2040 | D:3      | Found a shattered altar of Ashenzari.
  2040 | D:3      | Found an iron altar of Okawaru.
  2040 | D:3      | Found a deep blue altar of Sif Muna.
  2046 | D:3      | Became a worshipper of Ashenzari the Shackled
  2052 | D:3      | Noticed Ijyb
  2059 | D:3      | Killed Ijyb
  2210 | D:3      | Learned a level 4 spell: Olgreb's Toxic Radiance
  2631 | D:3      | Noticed a phantom
  2930 | D:4      | Noticed kae's ghost (amateur FoFi)
  2978 | D:4      | Reached XP level 5. HP: 31/31 MP: 6/9
  3187 | D:4      | Killed from afar by an orc priest

Skill      XL: |  1  2  3  4 |
---------------+-------------+-----
Poison Magic   | 5 |  5.9
Stealth        | 3 |  3.4
Maces & Flails | 1 |  1.4
Spellcasting   | 3 |  3.1
Fighting       | |  0.2
Short Blades   | |  0.8
Dodging        | |  2.0
Conjurations   | |  0.8

Action                   |  1- 3 |  4- 6 || total
-------------------------+-------+-------++-------
Melee: Mace              |    27 |     5 ||    32
       Constrict         |     8 |    11 ||    19
       Unarmed           |     2 |       ||     2
       Tentacles         |     4 |     3 ||     7
       Short sword       |       |    31 ||    31
 Cast: Sting             |    43 |    38 ||    81
       Mephitic Cloud    |     2 |     1 ||     3
       Olgreb's Toxic Ra |       |     1 ||     1
Invok: Curse Item        |       |     2 ||     2
  Use: Scroll            |       |     8 ||     8
       Potion            |       |     2 ||     2
 Stab: Sleeping          |     2 |     2 ||     4
  Eat: Chunk             |     2 |     6 ||     8
Armor: Skin              |     4 |     3 ||     7
Dodge: Dodged            |     7 |    13 ||    20
